 Dungeon Crawl Stone Soup version 0.32-a0-886-g41c5271027 (webtiles) character file.

Game seed: 7195709129651182278

230159 Snaaty the Severer (level 18, -45/196 (223) HPs)
             Began as a Demonspawn Gladiator on Apr 2, 2024.
             Was the Champion of Qazlal.
             Killed from afar by a deep elf death mage (52 damage)
             ... with a bolt of negative energy
             ... on level 3 of the Elven Halls on Apr 3, 2024.
             The game lasted 01:41:18 (34925 turns).

Snaaty the Severer (Demonspawn Gladiator)          Turns: 34925, Time: 01:41:19

HP:   -45/196 (223) AC: 39    Str: 16    XL:     18   Next: 75%
MP:   9/9           EV: 10    Int:  8    God:    Qazlal [******]
Gold: 1008          SH: 13    Dex: 28    Spells: 17/17 levels left

rFire   + . .        O - +8 Wrath of Trog {antimagic, *Rage Rampage}
rCold   . . .        (shield currently unavailable)
rNeg    . . .        D - +7 plate armour "Muwemuek" {Fly rF+ rCorr SInv}
rPois   +            (helmet unavailable)
rElec   .            J - +0 cloak of the Arcane {rPois Will++ rCorr Stlth+}
rCorr   +            Y - +1 pair of gloves
SInv    +            c - +0 pair of boots {Stlth+}
Will    +++..        H - amulet of reflection Stlth
                     v - +4 ring of protection
HPRegen 0.52/turn    n - +6 ring of dexterity
MPRegen 0.11/turn

%: random rage (50%), repel missiles, reflection, rampage
@: berserking, protected from physical damage, flying, heavily drained, very
quick
A: horns 3, ignite blood 2, spiny 3, sharp scales 2, hooves 2, noise suppression
}: 1/15 runes: serpentine
a: Renounce Religion, Upheaval, Elemental Force, Disaster Area


You were on level 3 of the Elven Halls.
You worshipped Qazlal.
Qazlal was exalted by your worship.
You visited 6 branches of the dungeon, and saw 30 of its levels.
You also visited: Sewer.

You collected 3326 gold pieces.
You spent 2318 gold pieces at shops.

Inventory:

Hand Weapons
 g - a +6 vampiric broad axe
 k - a +4 vampiric battleaxe
 O - the +8 Wrath of Trog (weapon) {antimagic, *Rage Rampage}
   (You found it on level 1 of the Orcish Mines)

   It causes slowness and exhaustion when equipped.
   It extends the wielder's berserk rage when killing foes.
   *Rage:     It berserks you when you make melee attacks (+50% chance).
   Rampage:   It bestows one free step when moving towards enemies.
Missiles
 d - 4 throwing nets (quivered)
 L - 9 silver javelins
 M - 14 curare-tipped darts
Armour
 c - a +0 pair of boots of stealth (worn)
 C - the +2 shield of Resistance {rF++ rC++ Will++}
   (You found it on level 11 of the Dungeon)

   rF++:      It greatly protects you from fire.
   rC++:      It greatly protects you from cold.
   Will++:    It greatly increases your willpower.
 D - the +7 plate armour "Muwemuek" (worn) {Fly rF+ rCorr SInv}
   (You bought it in a shop on level 2 of the Orcish Mines)

   rF+:       It protects you from fire.
   SInv:      It lets you see invisible.
   Fly:       It grants you flight.
   rCorr:     It protects you from acid and corrosion.
 J - the +0 cloak of the Arcane (worn) {rPois Will++ rCorr Stlth+}
   (You acquired it on level 5 of the Lair of Beasts)

   rPois:     It protects you from poison.
   Will++:    It greatly increases your willpower.
   rCorr:     It protects you from acid and corrosion.
   Stlth+:    It makes you more stealthy.
 U - the +4 leather armour of the Moon {Rampage Fly Slay+3}
   (You found it on level 2 of the Elven Halls)

   Slay+3:    It affects your accuracy & damage with ranged weapons and melee
   (+3).
   Fly:       It grants you flight.
   Rampage:   It bestows one free step when moving towards enemies.
 Y - a +1 pair of gloves (worn)
Jewellery
 b - a ring of protection from cold
 n - a +6 ring of dexterity (right hand)
 v - a +4 ring of protection (left hand)
 F - an amulet of the acrobat
 H - an amulet of reflection (around neck)
 I - a ring of flight
 X - a ring of protection from fire
Wands
 h - a wand of polymorph (3)
 j - a wand of warping (18)
 l - a wand of flame (56)
 p - a wand of paralysis (43)
 K - a wand of mindburst (26)
 Z - a wand of acid (5)
Scrolls
 a - 3 scrolls of silence
 m - 13 scrolls of teleportation
 o - 4 scrolls of immolation
 s - 2 scrolls of blinking
 w - 6 scrolls of fog
 z - a scroll of brand weapon
 E - 5 scrolls of enchant armour
 G - 5 scrolls of fear
 N - a scroll of torment {unknown}
 P - a scroll of identify
 Q - a scroll of revelation
 V - 4 scrolls of poison
 W - 7 scrolls of amnesia
Potions
 e - 2 potions of berserk rage
 f - 6 potions of curing
 i - a potion of resistance
 q - 3 potions of invisibility
 r - 3 potions of enlightenment
 u - a potion of attraction
 x - 4 potions of haste
 y - a potion of ambrosia
 A - a potion of might
 R - 9 potions of brilliance
 S - 4 potions of heal wounds
 T - 4 potions of magic
Miscellaneous
 t - a tin of tremorstones (2/2)
 B - a lightning rod (4/4)


   Skills:
 * Level 15.1 Fighting
 - Level 20.0 Axes
 - Level 1.7 Throwing
 - Level 16.2 Armour
 - Level 7.3 Dodging
 - Level 11.6 Shields
 - Level 14.6 Invocations


You had 17 spell levels left.
You didn't know any spells.
Your spell library contained the following spells:

 Spells                   Type           Power      Damage    Failure   Level
 Magic Dart               Conj           0%         1d3       100%        1
 Shock                    Conj/Air       0%         1d3       100%        1
 Sting                    Conj/Alch      0%         1d3       100%        1
 Summon Small Mammal      Summ           0%         N/A       100%        1
 Blink                    Tloc           0%         N/A       100%        2
 Mercury Vapours          Alch/Air       0%         N/A       100%        2
 Searing Ray              Conj           0%         2d4       100%        2
 Call Canine Familiar     Summ           0%         N/A       100%        3
 Frozen Ramparts          Ice            0%         1d1       100%        3
 Mephitic Cloud           Conj/Alch/Air  0%         N/A       100%        3
 Ozocubu's Armour         Ice            0%         N/A       100%        3
 Tukima's Dance           Hex            0%         N/A       100%        3
 Volatile Blastmotes      Fire/Tloc      0%         2d10      100%        3
 Animate Armour           Summ/Erth      0%         N/A       100%        4
 Fulminant Prism          Conj/Alch      0%         3d5       100%        4
 Passage of Golubria      Tloc           0%         N/A       100%        4
 Summon Blazeheart Golem  Fire/Summ      0%         N/A       100%        4
 Alistair's Intoxication  Alch           0%         N/A       100%        5
 Borgnjor's Vile Clutch   Necr/Erth      0%         N/A       100%        5
 Freezing Cloud           Conj/Ice/Air   0%         6-21      100%        5
 Metabolic Englaciation   Hex/Ice        0%         N/A       100%        5
 Summon Forest            Summ/Tloc      0%         N/A       100%        5
 Yara's Violent Unravell  Hex/Alch       0%         3d3       100%        5
 Bombard                  Conj/Erth      0%         9d1       100%        6
 Eringya's Noxious Bog    Alch           0%         4d6       100%        6
 Gell's Gavotte           Tloc           0%         2d(11-16) 100%        6
 Summon Hydra             Summ           0%         N/A       100%        7
 Dragon's Call            Summ           0%         N/A       100%        9
 Fire Storm               Conj/Fire      0%         5d1       100%        9


Dungeon Overview and Level Annotations

Branches:
Dungeon (15/15)            Temple (1/1) D:6            Lair (5/5) D:11
  Swamp (0/4) Lair:2        Snake (4/4) Lair:3        Slime (0/5) Lair:4
    Orc (2/2) D:10            Elf (3/3) Orc:2        Vaults (0/5) D:13
 Depths (0/4) D:15          Sewer (visited)

Altars:
Ashenzari
Cheibriados
Dithmenos
Fedhas
Gozag
Hepliaklqana
Kikubaaqudgha
Makhleb
Nemelex Xobeh
Okawaru
Qazlal
Ru
Sif Muna
Trog
Uskayaw
Vehumet
Wu Jian
Xom
Yredelemnul
Beogh
Jiyva

Shops:
D:6 !   Orc:1 [   Orc:2 [([=   Elf:1 ((*   Elf:2 (   Snake:1 *   Snake:3 [
Snake:4 :==

Portals:
Trove: D:12 (give 7 potions of haste)

Annotations:
D:6 1 runed translucent door, UltraNumeron's ghost, novice NaAl
D:14 2 transporters, Koneso's ghost, journeyman DjCj


Innate Abilities, Weirdness & Mutations

You have a pair of large horns on your head.
Your demonic aura often causes spilled blood to erupt in flames.
You are completely covered in sharp spines.
You are mostly covered in razor-sharp scales. (AC +2, Slay +2)
You have hoof-like feet.
You passively dampen the noise of your surroundings.


Message History

The ghostly deep elf death mage's magic leaks into the air.
You hit the lost soul.
The ghostly deep elf annihilator's magic is no longer disrupted.
The ghostly deep elf death mage's magic is no longer disrupted.
The ghostly deep elf master archer is engulfed in blazing flames.
Unknown command.
You closely miss the ghostly deep elf annihilator.
You headbutt the ghostly deep elf annihilator!
The ghostly deep elf annihilator is severely damaged.
You slash the lost soul!
You slash the ghostly deep elf death mage!
The ghostly deep elf death mage's magic leaks into the air.
The lost soul is engulfed in blazing flames.
You feel the ancient rage of your axe.
You destroy the lost soul!
The lost soul fades away!
Unknown command.
You slice the ghostly deep elf annihilator!!
You destroy the ghostly deep elf annihilator!
Qazlal accepts your kill.
You barely miss the ghostly deep elf death mage.
The deep elf sorcerer's magic is no longer disrupted.
The deep elf high priest invokes the aid of its god against you.
Something smites you!
* * * LOW HITPOINT WARNING * * *
The deep elf annihilator casts a spell.
The deep elf annihilator blinks!
The ghostly deep elf death mage is engulfed in blazing flames.
The ghostly deep elf death mage falters for a moment.
The deep elf death mage is engulfed in blazing flames.
The deep elf death mage beckons forth restless souls!
The orc priest hits you from afar with a +0 trident!
* * * LOW HITPOINT WARNING * * *
The deep elf sorcerer howls an incantation.
You feel disoriented.
The deep elf death mage gestures at you while chanting.
The bolt of negative energy hits the ghostly deep elf death mage.
The ghostly deep elf death mage completely resists.
The bolt of negative energy hits you!!!
You feel drained.
You die... o.. .. .o. .# .# eee#e

#. ...####*#§##...
......eeee.....
#...*o.ee*....#
#..e☼e○ee.#
######@##########
.....§.)°°........
.
.....○☼.))........
#
########'####..###
# ...........#..#
# ...........#..+
# .......)...#..#
# ..!........'..#
# ...........#..#


You could see a deep elf blademaster, 3 deep elf death magi, a ghostly deep elf
death mage (empowered, magic disrupted), a ghostly deep elf master archer, 2
deep elf annihilators, 3 deep elf sorcerers, a deep elf demonologist, a deep elf
archer (repels missiles), a deep elf high priest, 3 lost souls, an orc priest
and 2 orcs.

Vanquished Creatures
  Vashnia (Snake:3)
  The ghost of Ge0ff the Slayer, an adept OnBe of Trog (Snake:4)
  2 deep elf blademasters (Elf:3)
  A deep elf master archer (Elf:3)
  Gastronok (D:8)
  Roxanne (D:15)
  13 nagarajas
  A deep elf elementalist (Elf:3)
  4 deep elf sorcerers (Elf:3)
  An orc warlord (Orc:1)
  A stone giant (Orc:1)
  A deep elf demonologist (Elf:1)
  Nessos (Lair:3)
  3 deep elf annihilators (Elf:3)
  A dire elephant (Lair:5)
  3 fire dragons
  Josephine (Orc:2)
  A rakshasa (D:15)
  Fannar (Orc:1)
  2 ogre magi
  10 hydras
  2 ice dragons (D:11)
  2 salamander tyrants (Snake:4)
  2 catoblepae
  17 death yaks
  5 boulder beetles
  The ghost of Konar the Skirmisher, a journeyman CoHu of Okawaru (D:10)
  18 dancing weapons
  9 centaur warriors
  6 anacondas
  6 two-headed ogres
  2 occultists (D:15)
  A deep troll shaman (Lair:5)
  A tengu warrior (D:12)
  9 shock serpents
  17 naga warriors
  16 naga sharpshooters
  8 deep elf knights
  Amaemon (D:7)
  6 skeletal warriors
  2 salamander mystics
  4 deep trolls (Orc:1)
  11 mana vipers
  2 fire crabs (Lair:2)
  A sea snake (Snake:3)
  6 naga ritualists
  3 skysharks
  A wolf spider zombie (D:15)
  4 thermic dynamos (Elf:1)
  6 orc knights
  A bog body (Lair:2)
  9 ugly things
  A necromancer (D:15)
  12 deep elf zephyrmancers
  Pikel (D:4)
  4 cyclopes
  5 orc sorcerers
  17 deep elf pyromancers
  2 manticores (D:15)
  14 salamanders
  Maurice (D:7)
  22 elephants
  4 molten gargoyles (D:13)
  41 black mambas
  A gargoyle (D:14)
  18 naga magi
  An orange demon (D:8)
  5 guardian serpents
  9 cane toads
  Maggie (D:6)
  A torpor snail (Lair:2)
  Jeremiah (D:6)
  4 centaur skeletons
  A rime drake (D:11)
  10 komodo dragons
  An efreet (D:15)
  6 tengu conjurers
  4 yaktaurs
  6 trolls
  Psyche (D:8)
  3 polar bears
  A silent spectre (Orc:1)
  25 blink frogs
  2 hornets
  Prince Ribbit (D:7)
  5 dream sheep (Lair:4)
  A raiju (shapeshifter) (D:13)
  7 slime creatures
  2 shadows (D:11)
  6 wyverns
  6 wraiths
  4 basilisks
  A hog (shapeshifter) (D:12)
  68 yaks
  3 steam dragons (Lair:2)
  Eustachio (D:5)
  10 wargs
  3 swamp worms
  5 vampire mosquitoes
  46 nagas
  2 acid dragons
  17 water moccasins
  3 ice beasts
  35 orc warriors
  2 sky beasts
  6 black bears
  8 ogres
  20 wolves
  6 laughing skulls
  16 centaurs
  A lemure (D:4)
  A phantom (D:7)
  13 bullfrogs
  4 kobold brigands
  A brain worm (Sewer)
  A gnoll sergeant (D:7)
  A scorpion (D:7)
  13 wights
  An earth elemental (Elf:1)
  10 killer bees
  4 howler monkeys
  2 electric eels (Lair:2)
  2 bombardier beetles
  15 orc priests
  2 hounds
  4 jellies
  A gnoll bouda (D:7)
  4 iguanas
  A sleepcap (D:5)
  Natasha (twice) (D:2)
  22 orc wizards
  2 boggart zombies (D:15)
  12 hell rats
  A boggart skeleton (D:13)
  8 gnolls
  15 adders
  2 river rats
  A shadow imp (D:7)
  A white imp (D:7)
  2 ufetubi (D:7)
  2 dart slugs
  4 ribbon worms
  84 orcs
  15 bats
  2 endoplasms (D:1)
  2 giant cockroaches
  9 goblins
  6 hobgoblins
  17 jackals
  25 kobolds
  9 quokkas
  17 ball pythons
  6 frilled lizards
  7 rats
  3 butterflies (Lair:1)
1096 creatures vanquished.

Vanquished Creatures (collateral kills)
  2 nagarajas (Snake:4)
  A salamander tyrant (Snake:4)
  A naga warrior (Snake:4)
  A komodo dragon (Lair:2)
  2 blink frogs
  An electric eel (Lair:2)
  2 hell rats
10 creatures vanquished.

Vanquished Creatures (others)
  A naga warrior (Snake:4)
1 creature vanquished.

Grand Total: 1107 creatures vanquished

Notes
Turn   | Place    | Note
-------+----------+-------------------------------------------
     0 | D:1      | Snaaty the Demonspawn Gladiator began the quest for the
                  | Orb.
     0 | D:1      | Reached XP level 1. HP: 16/16 MP: 1/1
    34 | D:1      | Got the Atlas of the Crater and Argyropoeia
   163 | D:1      | Gained mutation: You are partially covered in sharp spines.
                  | [demonic ancestry]
   163 | D:1      | Reached XP level 2. HP: 17/23 MP: 2/2
   459 | D:1      | Found a faded altar of an unknown god.
   762 | D:2      | Gained mutation: You are mostly covered in sharp spines.
                  | [demonic ancestry]
   762 | D:2      | Reached XP level 3. HP: 29/29 MP: 3/3
  1106 | D:2      | Reached XP level 4. HP: 38/38 MP: 4/4
  1205 | D:2      | Noticed Natasha
  1211 | D:2      | Killed Natasha
  1282 | D:2      | Noticed Natasha
  1288 | D:2      | Killed Natasha
  1289 | D:2      | Reached skill level 5 in Fighting
  1659 | D:3      | Found a basalt altar of Yredelemnul.
  1686 | D:3      | Gained mutation: You have a pair of small horns on your
                  | head. [demonic ancestry]
  1686 | D:3      | Reached XP level 5. HP: 42/44 MP: 5/5
  1850 | D:3      | Found a glowing drain.
  1854 | Sewer    | Entered a sewer
  2185 | Sewer    | Gained mutation: Your demonic aura sometimes causes spilled
                  | blood to erupt in flames. [demonic ancestry]
  2185 | Sewer    | Reached XP level 6. HP: 8/53 MP: 3/6
  3590 | D:4      | Noticed Pikel
  3601 | D:4      | Killed Pikel
  3602 | D:4      | Reached XP level 7. HP: 57/63 MP: 7/7
  4214 | D:3      | Found a shadowy altar of Dithmenos.
  4331 | D:5      | Entered Level 5 of the Dungeon
  4576 | D:5      | Reached XP level 8. HP: 71/71 MP: 8/8
  4584 | D:5      | Reached skill level 10 in Fighting
  4785 | D:5      | Found a snail-covered altar of Cheibriados.
  4941 | D:5      | Found a sparkling altar of Nemelex Xobeh.
  5318 | D:6      | Noticed Jeremiah
  5318 | D:6      | Noticed Eustachio
  5332 | D:5      | Killed Eustachio
  5424 | D:6      | Reached skill level 5 in Dodging
  5468 | D:6      | Killed Jeremiah
  5648 | D:6      | Found a staircase to the Ecumenical Temple.
  5741 | Temple   | Entered the Ecumenical Temple
  5798 | Temple   | Became a worshipper of Qazlal Stormbringer
  5832 | D:6      | Noticed Maggie
  5973 | Temple   | Reached XP level 9. HP: 72/78 MP: 9/9
  6000 | D:6      | Killed Maggie
  6121 | D:6      | Reached skill level 1 in Armour
  6456 | D:6      | Found Uzeisom's Distillery.
  6459 | D:6      | Found a runed translucent door.
  6480 | D:6      | Bought a potion of heal wounds for 70 gold pieces
  6480 | D:6      | Bought a potion of curing for 42 gold pieces
  6579 | D:6      | Found a shimmering altar of Xom.
  6579 | D:6      | Noticed UltraNumeron's ghost (novice NaAl)
  6579 | D:6      | Noticed a +2 dagger of chaos
  6618 | D:7      | Noticed Prince Ribbit
  6641 | D:7      | Killed Prince Ribbit
  6649 | D:7      | Found a stormy altar of Qazlal.
  6723 | D:7      | Identified the +1 long sword of Okawaru's Pride {freeze,
                  | rPois rC+ Str+3}
  6765 | D:7      | Reached * piety under Qazlal
  6783 | D:7      | Reached skill level 5 in Armour
  6864 | D:7      | Found a shimmering altar of Xom.
  6971 | D:7      | Found an opulent altar of Gozag.
  7290 | D:7      | Reached XP level 10. HP: 46/85 MP: 10/10
  7782 | D:8      | Noticed Maurice
  7903 | D:8      | Noticed Gastronok
  7908 | D:7      | Something stole the +1 long sword of Okawaru's Pride
                  | {freeze, rPois rC+ Str+3}
  7909 | D:7      | Something stole an orb of guile
  7911 | D:7      | Something stole 3 silver javelins
  7935 | D:7      | Something stole a ring of flight
  7936 | D:7      | Something stole 223 gold
  7937 | D:7      | Something stole 141 gold
  7941 | D:7      | Killed Maurice
  8175 | D:8      | Found the +2 ratskin cloak {*Rats rPois rN+ Str-1 Int-1
                  | Dex+1}
  8193 | D:8      | Noticed Amaemon
  8198 | D:8      | Noticed an orange demon
  8207 | D:7      | Paralysed by Amaemon for 3 turns
  8209 | D:7      | Killed Amaemon
  8448 | D:8      | Killed an orange demon
  8614 | D:8      | Noticed Psyche
  8623 | D:8      | Killed Psyche
  8839 | D:7      | Reached ** piety under Qazlal
  9036 | D:8      | Reached skill level 10 in Armour
  9240 | D:8      | Found a hide-covered altar of Uskayaw.
  9312 | D:8      | Killed Gastronok
  9313 | D:8      | Gained mutation: Your demonic aura often causes spilled
                  | blood to erupt in flames. [demonic ancestry]
  9313 | D:8      | Reached XP level 11. HP: 69/92 MP: 11/11
  9684 | D:8      | Found a shimmering blue altar of Sif Muna.
 10284 | D:9      | Identified the +7 dagger "Gaosotri" {freeze, Will+ Str+4
                  | Int-5 Dex+3}
 10853 | D:10     | Entered Level 10 of the Dungeon
 10854 | D:10     | Noticed Konar's ghost (journeyman CoHu)
 10854 | D:10     | Noticed a brown ugly thing
 10855 | D:10     | Found a transporter.
 10856 | D:10     | Found a transporter.
 11002 | D:10     | Noticed a boulder beetle
 11003 | D:10     | Found a staircase to the Orcish Mines.
 11449 | D:10     | Identified the +2 robe of the Worm {Regen+ rCorr Stlth+
                  | Archmagi}
 11498 | D:10     | Found a hazy altar of Hepliaklqana.
 11587 | D:10     | Reached *** piety under Qazlal
 11623 | D:10     | Killed a boulder beetle
 12085 | D:11     | Noticed a two-headed ogre
 12101 | D:11     | Killed a two-headed ogre
 12298 | D:11     | Reached skill level 1 in Invocations
 12482 | D:11     | Found a staircase to the Lair.
 12492 | D:11     | Noticed a two-headed ogre
 12500 | D:11     | Killed a two-headed ogre
 12622 | D:11     | Reached skill level 5 in Invocations
 12626 | D:11     | Gained mutation: You have a pair of horns on your head.
                  | [demonic ancestry]
 12626 | D:11     | Reached XP level 12. HP: 91/107 MP: 14/16
 12670 | D:11     | Noticed a fire dragon
 12673 | D:11     | Noticed a fire dragon
 12674 | D:11     | Noticed an ice dragon
 12676 | D:11     | Found a runed translucent door.
 12676 | D:11     | Found a runed translucent door.
 12676 | D:11     | Noticed an ice dragon
 12676 | D:11     | Found the +2 shield of Resistance {rF++ rC++ Will++}
 12834 | D:11     | Reached **** piety under Qazlal
 13091 | Lair:1   | Entered Level 1 of the Lair of Beasts
 14151 | Lair:1   | Reached skill level 10 in Invocations
 15312 | Lair:2   | Gained mutation: You are partially covered in razor-sharp
                  | scales. (AC +1, Slay +1) [demonic ancestry]
 15312 | Lair:2   | Reached XP level 13. HP: 92/113 MP: 23/23
 15379 | Lair:2   | Reached skill level 3 in Axes
 15391 | Lair:2   | Reached skill level 4 in Axes
 15507 | Lair:2   | Reached skill level 5 in Axes
 15738 | Lair:2   | Reached skill level 6 in Axes
 15946 | Lair:2   | Found a staircase to the Swamp.
 15954 | Lair:2   | Reached ***** piety under Qazlal
 16205 | Lair:3   | Reached skill level 7 in Axes
 16367 | Lair:3   | Noticed Nessos
 16585 | Lair:3   | Reached skill level 8 in Axes
 16592 | Lair:3   | Killed Nessos
 16695 | Lair:3   | Found a staircase to the Snake Pit.
 16777 | Lair:3   | Identified the +5 flail "Yppurah" {flame, rC+ rCorr}
 16833 | Lair:3   | Reached skill level 9 in Axes
 17099 | Lair:3   | Identified the +6 trident of Checkmate {flame, Str+2}
 17526 | Lair:4   | Found a viscous altar of Jiyva.
 17549 | Lair:4   | Reached skill level 10 in Axes
 17892 | Lair:4   | Gained mutation: You are mostly covered in razor-sharp
                  | scales. (AC +2, Slay +2) [demonic ancestry]
 17892 | Lair:4   | Reached XP level 14. HP: 116/120 MP: 24/24
 18290 | Lair:4   | Found a staircase to the Slime Pits.
 18403 | Lair:4   | Reached skill level 11 in Axes
 18592 | Lair:4   | Found the +8 whip "Snakebite" {venom, curare, rPois}
 18856 | Lair:5   | Entered Level 5 of the Lair of Beasts
 18903 | Lair:4   | Reached skill level 12 in Axes
 19326 | Lair:5   | Reached skill level 13 in Axes
 19826 | Lair:5   | Reached ****** piety under Qazlal
 19896 | Lair:5   | Reached skill level 14 in Axes
 20280 | Lair:5   | Identified a scroll of acquirement
 20287 | Lair:5   | Acquired the +0 cloak of the Arcane {rPois Will++ rCorr
                  | Stlth+}
 20511 | Orc:1    | Entered Level 1 of the Orcish Mines
 20512 | Orc:1    | Noticed an orc warlord
 20519 | Orc:1    | Found Liphu's Antique Armour Shop.
 20533 | Orc:1    | Killed an orc warlord
 20613 | Orc:1    | Noticed Fannar
 20628 | Orc:1    | Killed Fannar
 20635 | Orc:1    | Bought a pair of embroidered boots for 240 gold pieces
 20750 | Orc:1    | Found a transporter.
 20789 | Orc:1    | Found a transporter.
 20789 | Orc:1    | Found a runed translucent door.
 20789 | Orc:1    | Found a bloodstained altar of Trog.
 20789 | Orc:1    | Found the +8 Wrath of Trog {antimagic, *Rage Rampage}
 20794 | Orc:1    | Noticed a deep elf elementalist
 20799 | Orc:1    | Gained mutation: You have a pair of large horns on your
                  | head. [demonic ancestry]
 20799 | Orc:1    | Reached XP level 15. HP: 120/126 MP: 25/25
 20821 | Orc:1    | Reached skill level 15 in Axes
 20862 | Orc:1    | Identified the +5 chain mail of Space {+Inv}
 20947 | Orc:1    | Found a roughly hewn altar of Beogh.
 21172 | Orc:2    | Entered Level 2 of the Orcish Mines
 21173 | Orc:2    | Noticed Josephine
 21181 | Orc:2    | Killed Josephine
 21331 | Orc:2    | Found a staircase to the Elven Halls.
 21497 | Orc:2    | Reached skill level 16 in Axes
 21531 | Orc:2    | Found Kitz's Armour Boutique.
 21683 | Orc:2    | Found a roughly hewn altar of Beogh.
 21705 | Orc:2    | Found Histrixan's Antique Weapon Shop.
 21745 | Orc:2    | Found Ehucoumn's Jewellery Shop.
 21769 | Orc:2    | Found Muishao's Antique Armour Boutique.
 22110 | D:11     | Reached skill level 17 in Axes
 22350 | Orc:2    | Bought the +7 plate armour "Muwemuek" {Fly rF+ rCorr SInv}
                  | for 1426 gold pieces
 22653 | D:12     | Found a portal to a secret trove of treasure.
 22796 | D:12     | Got the Atlas of Burning Movement
 22970 | D:10     | Killed Konar's ghost
 23215 | D:12     | Got Heptegon's Directory of Fumes and Open Graves
 23758 | D:13     | Found a gate to the Vaults.
 24581 | D:14     | Reached XP level 16. HP: 133/133 MP: 8/26
 24901 | D:14     | Found a transporter.
 24914 | D:14     | Noticed Koneso's ghost (journeyman DjCj)
 24921 | D:14     | Found a transporter.
 25165 | D:15     | Entered Level 15 of the Dungeon
 25428 | D:15     | Noticed Roxanne
 25442 | D:15     | Killed Roxanne
 26058 | D:15     | Found a staircase to the Depths.
 26524 | Snake:1  | Entered Level 1 of the Snake Pit
 26565 | Snake:1  | Reached skill level 15 in Armour
 27132 | Snake:1  | Found Fuemiruss's Neck Hole.
 27942 | Snake:1  | Bought an amulet of reflection for 540 gold pieces
 28123 | Snake:2  | Reached skill level 1 in Shields
 28244 | Snake:2  | Reached XP level 17. HP: 115/139 MP: 19/27
 28894 | Snake:3  | Reached skill level 5 in Shields
 28902 | Snake:3  | Noticed Vashnia
 29074 | Snake:3  | Killed Vashnia
 29808 | Snake:3  | Found Temade's Specialty Armours.
 29991 | Snake:4  | Entered Level 4 of the Snake Pit
 30468 | Snake:4  | Reached skill level 10 in Shields
 31163 | Snake:4  | Gained mutation: You are completely covered in sharp
                  | spines. [demonic ancestry]
 31163 | Snake:4  | Reached XP level 18. HP: 46/146 MP: 28/28
 31510 | Snake:4  | Reached skill level 18 in Axes
 31548 | Snake:4  | Got a serpentine rune of Zot
 31690 | Snake:4  | Found a runed translucent door.
 31694 | Snake:4  | Noticed Ge0ff's ghost (adept OnBe)
 31903 | Snake:4  | Found Feucyvig's Book Shop.
 31903 | Snake:4  | Found Lyvaammy's Jewellery Emporium.
 31904 | Snake:4  | Found Neshrey's Jewellery Emporium.
 32249 | Snake:4  | Killed Ge0ff's ghost
 32255 | Snake:4  | Identified the staff of Accord {rN+ Conj}
 32602 | Elf:1    | Entered Level 1 of the Elven Halls
 32660 | Elf:1    | Reached skill level 19 in Axes
 32773 | Elf:1    | Found Zivvux's Assorted Antiques.
 32872 | Elf:1    | Found Dugo Amp's Weapon Boutique.
 33058 | Elf:1    | Got Abaag's Codex of Illusion
 33221 | Elf:1    | Found Yromus's Antique Weapon Emporium.
 33632 | Elf:2    | Found Tal Qusk's Antique Weapon Emporium.
 33827 | Elf:2    | Identified the +4 leather armour of the Moon {Rampage Fly
                  | Slay+3}
 33982 | Elf:2    | Gained mutation: You have hidden genetic defects. [potion
                  | of mutation]
 33982 | Elf:2    | Gained mutation: You are resistant to electric shocks.
                  | (rElec) [potion of mutation]
 33982 | Elf:2    | Gained mutation: You possess an exceptional clarity of
                  | mind. [potion of mutation]
 33983 | Elf:2    | Lost mutation: You have hidden genetic defects. [potion of
                  | mutation]
 33983 | Elf:2    | Lost mutation: You possess an exceptional clarity of mind.
                  | [potion of mutation]
 33983 | Elf:2    | Lost mutation: You are resistant to electric shocks.
                  | (rElec) [potion of mutation]
 33983 | Elf:2    | Gained mutation: You occasionally shout uncontrollably at
                  | your foes. [potion of mutation]
 33983 | Elf:2    | Gained mutation: Your flesh is heat resistant. (rF+)
                  | [potion of mutation]
 33984 | Elf:2    | Lost mutation: You occasionally shout uncontrollably at
                  | your foes. [potion of mutation]
 33984 | Elf:2    | Lost mutation: Your flesh is heat resistant. (rF+) [potion
                  | of mutation]
 33984 | Elf:2    | Gained mutation: Your magical capacity is low. (-10% MP)
                  | [potion of mutation]
 33985 | Elf:2    | Lost mutation: Your magical capacity is low. (-10% MP)
                  | [potion of mutation]
 33985 | Elf:2    | Gained mutation: You have large cloven feet. [potion of
                  | mutation]
 33985 | Elf:2    | Gained mutation: Armour fits poorly on your strangely
                  | shaped body. [potion of mutation]
 33985 | Elf:2    | Gained mutation: You expend magic power (3 MP) to
                  | strengthen your wands. [potion of mutation]
 33986 | Elf:2    | Lost mutation: You expend magic power (3 MP) to strengthen
                  | your wands. [potion of mutation]
 33986 | Elf:2    | Lost mutation: Armour fits poorly on your strangely shaped
                  | body. [potion of mutation]
 33986 | Elf:2    | Gained mutation: You passively dampen the noise of your
                  | surroundings. [potion of mutation]
 33986 | Elf:2    | Gained mutation: You have hoof-like feet. [potion of
                  | mutation]
 34064 | Elf:2    | Found a runed translucent gate.
 34065 | Elf:2    | Found a runed translucent gate.
 34065 | Elf:2    | Found a runed translucent gate.
 34097 | Elf:2    | Identified the +3 chain mail "Boffougg" {*Slow Regen+
                  | Int+2}
 34564 | Elf:2    | Reached skill level 20 in Axes
 34825 | Elf:3    | Entered Level 3 of the Elven Halls
 34913 | Elf:3    | Reached skill level 15 in Fighting
 34925 | Elf:3    | HP: 7/213 [orc priest/+0 trident[an orc high priest] (7)]
 34925 | Elf:3    | Killed from afar by a deep elf death mage

Illustrated notes

Levels and vault maps discovered:
D:1:      lemuel_arrival_tunnels, layout_basic,
          hellmonk_ecumenical_altar_heavens_door, chequers_serial_rivers_micro_b
D:2:      layout_loops_corners, uniq_natasha
D:3:      layout_basic, mainiacjoe_overflow_alcove_1,
          nicolae_overflow_hidden_temple, gup_sewer_entry_bowl,
          lexackson_kobold_supper
D:4:      layout_cave_pods, chequers_decorated_corner, hangedman_feature_mirror,
          grunt_ministairs_6, uniq_pikel
D:5:      layout_loops_corners, nicolae_overflow_crystal_walls,
          cheibriados_altar_1
D:6:      layout_rooms, minmay_temple_entry_drinking_statues, ebering_ghost_xom,
          serial_shops, shop, uniq_jeremiah, uniq_eustachio, uniq_maggie
D:7:      layout_basic, mainiacjoe_overflow_cross_hatched,
          hangedman_feature_mirror, chequers_serial_rivers_micro_e,
          uniq_prince_ribbit1
D:8:      layout_rooms, mainiacjoe_overflow_small_starburst,
          kennysheep_orc_sif_temple, uniq_maurice, uniq_amaemon, uniq_gastronok,
          uniq_psyche
D:9:      layout_roguey
D:10:     layout_roguey, worldfamousw_hep_ancestral_shrine, david_orc_3,
          gammafunk_ghost_arena
D:11:     layout_basic, hellmonk_lair_entry_icy, st_stairs_2,
          minmay_guarded_unrand_resistance
D:12:     minmay_cut_squares, layout_cave_pools, nicolae_trove_entry_columns
D:13:     layout_cave_pods, hangedman_vaults_entry_quadrant_bands, minivault_8
D:14:     layout_rooms, gammafunk_ghost_berserking_beasts, minmay_circle_x
D:15:     grunt_enter_depths_magical_seal, layout_basic,
          chequers_hall_statues_wall_a, uniq_roxanne
Temple:   nicolae_temple_superstar
Lair:1:   wad_woods_04, layout_gridlike, lemuel_fruit_fields,
          lemuel_fruit_fields, lemuel_fruit_tree
Lair:2:   layout_cave_pods, nicolae_swamp_entry_splash_gauntlet, serial_rivers,
          chequers_serial_rivers_micro_d, chequers_serial_rivers_room_a,
          chequers_serial_rivers_micro_e, chequers_serial_rivers_large_a,
          nicolae_lair_lakeside_cave
Lair:3:   layout_regular_city, nicolae_snake_entry_squirm, uniq_nessos
Lair:4:   minmay_guarded_unrand_snakebite, layout_cave_pods,
          nicolae_slime_entry_field_trip, worms_lemuel,
          infiniplex_staircase_pool
Lair:5:   grunt_lair_end_beastmaster, layout_loops_ring, serial_bayou_pond_e,
          grunt_megastairs_1
Snake:1:  layout_rooms, nicolae_shop_sticking_my_neck_out, grunt_megastairs_2
Snake:2:  layout_gridlike
Snake:3:  nicolae_sea_snake_s, layout_misc_corridors, nicolae_barding_shop,
          uniq_vashnia
Snake:4:  grunt_snake_rune_spirals, layout_onion, ebering_ghost_reflecting_pool,
          serial_bayou_shore_b, minmay_shop_grove
Orc:1:    emtedronai_trogs_sanctum, layout_caves, basic_altar, serial_shops,
          nicolae_shop_tiny_real_fake_doors, uniq_fannar
Orc:2:    st_orc_town, layout_diamond_mine, special_room, uniq_josephine
Elf:1:    eino_elf_arrival_the_gate, layout_loops_corners, serial_shops, shop,
          nicolae_shop_bloodbath_and_beyond, nicolae_shop_hallway_plus,
          minmay_elf_demonology
Elf:2:    nicolae_elf_blades_crystal_corner, layout_loops_corners, serial_shops,
          shop
Elf:3:    minmay_elf_hall_circle, layout_onion_city, serial_shops,
          nicolae_shop_window_shopping, basic_altar

Skill      XL: |  1  2  3  4  5  6  7  8  9 10 11 12 13 14 15 16 17 18 |
---------------+-------------------------------------------------------+-----
Fighting       | 3 4 5 6 8 9 10 14 15 | 15.1
Dodging        | 6 7 |  7.3
Armour         | 6 10 12 16 | 16.2
Invocations    | 5 14 | 14.6
Axes           | 10 14 17 20 | 20.0
Shields        | 3 11 | 11.6
Throwing       | |  1.7

Action                     |  1- 3 |  4- 6 |  7- 9 | 10-12 | 13-15 | 16-18 || total
---------------------------+-------+-------+-------+-------+-------+-------++-------
  Melee: Dagger            |    73 |   112 |   220 |     5 |       |       ||   410
         War axe           |     1 |       |       |       |       |       ||     1
         Headbutt          |       |    14 |    66 |   135 |   225 |   264 ||   704
         Unarmed           |       |     6 |       |       |       |       ||     6
         Spear             |       |       |       |   576 |    15 |       ||   591
         Battleaxe         |       |       |       |    14 |   701 |   409 ||  1124
         Broad axe         |       |       |       |       |       |   459 ||   459
  Throw: Throwing net      |       |       |       |     2 |       |     1 ||     3
 Invoke: Elemental Force   |       |       |       |     2 |     1 |     4 ||     7
         Upheaval          |       |       |       |       |       |     1 ||     1
  Evoke: Wand              |       |       |     4 |     2 |       |       ||     6
    Use: Scroll            |       |     4 |       |     7 |    10 |    14 ||    35
         Potion            |       |       |     2 |     2 |       |     8 ||    12
   Stab: Distracted        |       |     1 |       |       |       |       ||     1
         Confused          |       |     1 |       |       |       |       ||     1
         Sleeping          |       |       |     3 |       |       |       ||     3
         Held in net/web   |       |       |       |     5 |       |       ||     5
         Petrified         |       |       |       |       |     8 |       ||     8
         Petrifying        |       |       |       |       |     1 |       ||     1
         Paralysed         |       |       |       |       |       |     3 ||     3
 Armour: Leather armour    |    23 |       |    84 |   327 |   335 |       ||   769
         Ring mail         |    18 |    67 |    50 |       |       |       ||   135
         Skin              |       |     3 |       |       |       |       ||     3
         Plate armour      |       |       |       |       |   118 |   417 ||   535
  Dodge: Dodged            |    54 |    43 |   167 |   456 |   531 |   160 ||  1411
         Repelled          |       |       |       |       |    32 |    82 ||   114
  Block: Other             |       |       |     8 |    82 |   214 |   102 ||   406
         Kite shield       |       |       |       |       |       |   477 ||   477
         Reflection        |       |       |       |       |       |   103 ||   103

Table legend: (Time is in decaauts)
 A = Elapsed time spent in this place.
 B = Non-inter-level travel time spent in this place.
 C = Inter-level travel time spent in this place.
 D = Time resting spent in this place.
 E = Time spent auto-exploring this place.
 F = Levels seen in this place.
 G = Mean time per level.
                   A        B        C        D        E       F      G
               +--------+--------+--------+--------+--------+-----+--------+
         Total |  35688 |  33673 |   2015 |   6086 |  20956 |  31 | 1151.2 |
       Dungeon |  16751 |  15766 |    985 |   2084 |  10936 |  15 | 1116.7 |
        Temple |    225 |    200 |     25 |    135 |      0 |   1 |  225.0 |
          Lair |   7934 |   7482 |    452 |   1793 |   4312 |   5 | 1586.8 |
     Snake Pit |   5405 |   5176 |    229 |   1417 |   2591 |   4 | 1351.2 |
  Orcish Mines |   2057 |   1814 |    243 |    278 |    868 |   2 | 1028.5 |
   Elven Halls |   2442 |   2363 |     79 |    378 |   1522 |   3 |  814.0 |
         Sewer |    871 |    871 |      0 |      0 |    725 |   1 |  871.0 |
               +--------+--------+--------+--------+--------+-----+--------+

Top non-repeatable levels by time:
 Snake:4: 2390 daAuts
     D:7: 2188 daAuts
  Lair:2: 1979 daAuts
  Lair:3: 1637 daAuts
  Lair:1: 1514 daAuts
  Lair:4: 1460 daAuts
    D:11: 1376 daAuts
  Lair:5: 1343 daAuts
    D:13: 1305 daAuts
    D:10: 1291 daAuts
   Elf:2: 1291 daAuts
     D:9: 1191 daAuts
     D:3: 1183 daAuts
   Orc:2: 1150 daAuts
     D:8: 1095 daAuts
